 Dungeon Crawl Stone Soup version 0.27-a0-409-gd57800a693 (webtiles) character file.

Game seed: 16663043119057300179

12 CurlyBrace the Caller (level 2, -6/12 HPs)
             Began as a Felid Summoner on Feb 23, 2021.
             Mangled by a gnoll (8 damage)
             ... on level 2 of the Dungeon.
             The game lasted 00:01:45 (69 turns).

CurlyBrace the Caller (Felid Summoner)                Turns: 69, Time: 00:01:46

Health: -6/12      AC:  1    Str:  4    XL:     2   Next: 20%
Magic:  6/6        EV: 18    Int: 16    God:
Gold:   23         SH:  0    Dex: 16    Spells: 4/5 levels left
                                        Lives:  0   Deaths: 0

rFire    . . .     SeeInvis +     - Unarmed
rCold    . . .     Faith    .   (shield unavailable)
rNeg     . . .     Spirit   .   (armour unavailable)
rPois    .         Reflect  .   (helmet unavailable)
rElec    .         Harm     .   (cloak unavailable)
rCorr    .         Rampage  .   (gloves unavailable)
Will     .....                  (boots unavailable)
Stlth    +++.......             (no amulet)
HPRegen  0.04/turn              (no ring)
MPRegen  0.10/turn              (no ring)

@: mighty, quick
A: very small, no armour, no weapons or thrown items, stealth, claws 1, fangs 3,
see invisible, speed 1, shaggy fur 1, sharp paws
a: no special abilities


You were on level 2 of the Dungeon.
You visited 1 branch of the dungeon, and saw 2 of its levels.

You collected 23 gold pieces.

You aren't carrying anything.


   Skills:
 * Level 0.9 Fighting
 + Level 2.9 Dodging
 - Level 3.0 Stealth
 * Level 1.0 Unarmed Combat
 - Level 2.0 Spellcasting
 - Level 4.0 Summonings


You had 4 spell levels left.
You knew the following spells:

 Your Spells              Type           Power        Failure   Level
a - Summon Small Mammal   Summ           56%          4%          1

Your spell library contained the following spells:

 Spells                   Type           Power        Failure   Level
 Call Imp                 Summ           14%          6%          2
 Call Canine Familiar     Summ           14%          12%         3
 Summon Guardian Golem    Hex/Summ       8%           26%         3
 Summon Ice Beast         Ice/Summ       8%           65%         4
 Summon Lightning Spire   Summ/Air       8%           65%         4


Dungeon Overview and Level Annotations

Branches:
Dungeon (2/15)

Altars:
Elyvilon

Annotations:
D:2 exclusions: adder, giant cockroach and iguana


Innate Abilities, Weirdness & Mutations

You cannot wear armour.
You are incapable of wielding weapons or throwing items.
Your paws allow you to move quietly. (Stealth)
You have sharp claws.
You have razor-sharp teeth.
You have supernaturally acute eyesight. (SInv)
You cover ground quickly.
You are covered in fur. (AC +1)
Your sharp claws are effective at attacking unaware monsters.


Message History

Press: ? - help, v - describe, . - travel
Here: a giant cockroach (asleep)
The floor.
Placed new exclusion.
As you read the scroll labelled EQYCHI BUKHIR, it crumbles to dust.
It is a scroll of identify.
b - a potion of might;
d - a potion of might You feel very mighty all of a sudden.
A gnoll comes into view.
A hobgoblin comes into view.
The gnoll shouts!
The adder hisses angrily.
The iguana bites you but does no damage.
A gnoll comes into view. It is wielding a +0 spear.
You scratch the iguana but do no damage.
Your bite misses the iguana.
A bat comes into view.
The iguana bites you but does no damage.
A gnoll comes into view. It is wielding a +0 whip.
Unknown command.
Unknown command.
The bat misses you.
You claw the bat!
You kill the bat!
You barely miss the giant cockroach. The giant cockroach misses you.
The giant cockroach waves its antennae.
The giant cockroach barely misses you.
You barely miss the giant cockroach. The giant cockroach closely misses you.
The adder bites you.
You closely miss the adder. The adder bites you.
* * * LOW HITPOINT WARNING * * *
Unknown command.
You claw the adder!
You kill the adder!
Training target 3.0 for Stealth reached!
Your Stealth skill increases to level 3!
Your Unarmed Combat skill increases to level 1!
You have reached level 2!
You completely miss the gnoll. The gnoll hits you!
Ouch! That really hurt!
You die...

#...... .......
#..#.#.#g#.#.#.
#..............
#....##......##
..[#
###.#...†...####
...#
#.....g##.###
...# #.#..lg...#
...###
#.#.##g####
.....#
#.#....@.########
.....###
#.####.#..†.(...#
.......#
#.####.########.#
..#.##.###......#
.....#........###
.....)..#####.#
...........##.#
#......#.#.##.#
#.....###..##.#


You could see an iguana, 2 gnolls and a hobgoblin.

Vanquished Creatures
  An adder (D:2)
  A bat (D:2)
  A kobold (D:2)
  A rat (D:2)
4 creatures vanquished.

Notes
Turn   | Place    | Note
-------+----------+-------------------------------------------
     0 | D:1      | CurlyBrace the Felid Summoner began the quest for the Orb.
     0 | D:1      | Reached XP level 1. HP: 7/7 MP: 4/4
    50 | D:2      | Found a white marble altar of Elyvilon.
    50 | D:2      | Noticed an iguana
    69 | D:2      | Reached skill level 1 in Unarmed Combat
    69 | D:2      | Reached XP level 2. HP: 2/12 MP: 6/6
    69 | D:2      | Mangled by a gnoll

Illustrated notes

Levels and vault maps discovered:
D:1:      shiori_shiawase, layout_basic, chequers_serial_rivers_small_b
D:2:      layout_loops_cross, elyvilon_altar_5

Skill      XL: |  1 |
---------------+----+-----
Stealth        | 3 |  3.0
Unarmed Combat | 1 |  1.0
Fighting       | |  0.9
Dodging        | |  2.9
Spellcasting   | |  2.0
Summonings     | |  4.0

Action                   || total
-------------------------++-------
Melee: Unarmed           ||    12
  Use: Scroll            ||     1
       Potion            ||     1
Armor: Skin              ||     2
Dodge: Dodged            ||     6

Table legend: (Time is in decaauts)
 A = Elapsed time spent in this place.
 B = Non-inter-level travel time spent in this place.
 C = Inter-level travel time spent in this place.
 D = Time resting spent in this place.
 E = Time spent auto-exploring this place.
 F = Levels seen in this place.
 G = Mean time per level.
                   A        B        C        D        E       F      G
               +--------+--------+--------+--------+--------+-----+--------+
         Total |     58 |     58 |      0 |      0 |      0 |   2 |   29.0 |
       Dungeon |     58 |     58 |      0 |      0 |      0 |   2 |   29.0 |
               +--------+--------+--------+--------+--------+-----+--------+

Top non-repeatable levels by time:
     D:2: 47 daAuts
     D:1: 11 daAuts
